[ PARTIDA AOE2 · #495494155 ]
UnrankedJaponeses vs Spanish
Equipo del jugador · DERR
Equipo rival · VICT
[ ANÁLISIS DE REPETICIÓN · EXTRAÍDO DE LA PARTIDA GRABADA ]
Feudal
10:36
Castillos
22:36
Imperial
—
| APM promedio | 55.5 |
| APM pico | 86 |
| eAPM promedio | 33.1 |
| Aldeanos / militares | 94 / 31 |
Foco
⚔️ 34.2% · 🌾 65.8%
Knight ×9 · Archer ×7 · Spearman ×5 · Monk ×4 · Militia ×4 · Scout Cavalry ×1
Feudal
9:01
Castillos
25:44
Imperial
—
| APM promedio | 45.6 |
| APM pico | 84 |
| eAPM promedio | 25.6 |
| Aldeanos / militares | 63 / 43 |
Foco
⚔️ 47.3% · 🌾 52.7%
Scout Cavalry ×28 · Missionary ×8 · Skirmisher ×6 · Militia ×1
Mapa de la partida
Recursos iniciales + cada clic de construcción. Líneas = muros · curvas = relieve. ◆ oro · ⬟ piedra · ● bayas · ✦ reliquia · ◌ hueco del cierre
Tu base· Abierta — hueco de 4t
Base de 盐堆大王· ✓ Cerrada en 25:44 · 60t muro · 3 puerta(s)
Terreno inicial suavizado · ◌ = hueco del cierre detectado · pasá el cursor para detalles
Inputs por minuto
— HR FabiaN - - 盐堆大王
Build order — HR FabiaN
Primeras 150 de 272 acciones detectadas
| 0:00 | Encolar | Villager (Male) |
| 0:00 | Encolar | Villager (Male) |
| 0:02 | Construir | House |
| 0:03 | Construir | House |
| 0:06 | Encolar | Villager (Male) |
| 0:06 | Encolar | Villager (Male) |
| 0:06 | Encolar | Villager (Male) |
| 1:30 | Encolar | Villager (Male) |
| 1:30 | Encolar | Villager (Male) |
| 1:59 | Construir | Lumber Camp |
| 2:04 | Encolar | Villager (Male) |
| 2:04 | Encolar | Villager (Male) |
| 2:20 | Encolar | Villager (Male) |
| 2:20 | Encolar | Villager (Male) |
| 2:47 | Encolar | Villager (Male) |
| 3:10 | Encolar | Villager (Male) |
| 3:10 | Encolar | Villager (Male) |
| 3:28 | Encolar | Villager (Male) |
| 3:28 | Encolar | Villager (Male) |
| 3:50 | Construir | House |
| 4:02 | Encolar | Villager (Male) |
| 4:10 | Encolar | Villager (Male) |
| 4:10 | Encolar | Villager (Male) |
| 4:20 | Construir | Barracks |
| 4:52 | Encolar | Villager (Male) |
| 4:52 | Encolar | Villager (Male) |
| 5:00 | Construir | House |
| 5:17 | Encolar | Villager (Male) |
| 5:27 | Encolar | Militia |
| 5:27 | Encolar | Militia |
| 5:27 | Encolar | Militia |
| 5:28 | Encolar | Militia |
| 5:39 | Construir | Palisade Wall |
| 5:51 | Encolar | Villager (Male) |
| 6:08 | Construir | Mill |
| 6:20 | Investigar | Loom |
| 6:20 | Investigar | Loom |
| 6:20 | Investigar | Loom |
| 6:47 | Encolar | Villager (Male) |
| 7:21 | Encolar | Villager (Male) |
| 7:24 | Construir | Farm |
| 7:27 | Construir | Farm |
| 7:45 | Encolar | Villager (Male) |
| 7:51 | Construir | House |
| 8:26 | Investigar | Feudal Age |
| 8:26 | Investigar | Feudal Age |
| 9:06 | Construir | Mining Camp |
| 9:36 | Construir | Lumber Camp |
| 9:52 | Construir | Palisade Wall |
| 10:05 | Construir | Palisade Wall |
| 10:07 | Construir | Palisade Wall |
| 10:21 | Construir | Palisade Wall |
| 10:28 | Construir | Palisade Wall |
| 10:29 | Construir | Palisade Wall |
| 10:31 | Construir | Palisade Wall |
| 10:34 | Construir | Palisade Wall |
| 10:35 | Construir | Palisade Wall |
| 10:36 | Construir | Palisade Wall |
| 10:36 | Edad | Edad Feudal |
| 10:38 | Encolar | Villager (Male) |
| 10:38 | Investigar | Man-at-Arms (upgrade) |
| 10:38 | Investigar | Man-at-Arms (upgrade) |
| 10:47 | Construir | Archery Range |
| 10:51 | Encolar | Villager (Male) |
| 10:55 | Construir | Palisade Wall |
| 10:56 | Construir | Palisade Wall |
| 11:20 | Encolar | Villager (Male) |
| 11:27 | Construir | Farm |
| 11:28 | Investigar | Double-Bit Axe |
| 11:31 | Encolar | Archer |
| 11:41 | Construir | Farm |
| 11:42 | Encolar | Villager (Male) |
| 11:47 | Construir | House |
| 11:50 | Construir | Palisade Wall |
| 11:51 | Construir | Palisade Wall |
| 11:55 | Encolar | Villager (Male) |
| 12:07 | Encolar | Villager (Male) |
| 12:08 | Encolar | Archer |
| 12:13 | Construir | Farm |
| 12:15 | Construir | House |
| 12:16 | Construir | House |
| 12:22 | Encolar | Villager (Male) |
| 12:30 | Encolar | Villager (Male) |
| 12:40 | Construir | Farm |
| 12:41 | Encolar | Archer |
| 12:55 | Construir | Farm |
| 12:57 | Construir | Farm |
| 12:58 | Encolar | Villager (Male) |
| 13:06 | Construir | Farm |
| 13:14 | Encolar | Villager (Male) |
| 13:19 | Construir | Farm |
| 13:25 | Encolar | Archer |
| 13:29 | Construir | Palisade Wall |
| 13:31 | Construir | Palisade Wall |
| 13:43 | Construir | Palisade Wall |
| 13:46 | Encolar | Villager (Male) |
| 13:59 | Construir | Blacksmith |
| 13:59 | Encolar | Villager (Male) |
| 14:09 | Construir | House |
| 14:10 | Encolar | Archer |
| 14:10 | Encolar | Archer |
| 14:23 | Construir | Palisade Wall |
| 14:26 | Encolar | Villager (Male) |
| 14:39 | Construir | Farm |
| 14:40 | Encolar | Villager (Male) |
| 14:41 | Encolar | Archer |
| 15:00 | Construir | House |
| 15:06 | Construir | Farm |
| 15:13 | Encolar | Villager (Male) |
| 15:19 | Investigar | Fletching |
| 15:19 | Investigar | Fletching |
| 15:19 | Investigar | Fletching |
| 15:40 | Construir | Farm |
| 15:41 | Construir | House |
| 15:49 | Encolar | Villager (Male) |
| 15:58 | Construir | Farm |
| 16:08 | Construir | Lumber Camp |
| 16:09 | Encolar | Villager (Male) |
| 16:20 | Construir | Farm |
| 16:20 | Construir | Farm |
| 16:35 | Construir | Farm |
| 16:38 | Encolar | Villager (Male) |
| 16:46 | Construir | Mining Camp |
| 17:02 | Construir | Farm |
| 17:02 | Construir | Farm |
| 17:34 | Encolar | Spearman |
| 18:07 | Encolar | Villager (Male) |
| 18:22 | Construir | Palisade Wall |
| 18:24 | Construir | Palisade Wall |
| 18:25 | Construir | Palisade Wall |
| 18:27 | Construir | Palisade Wall |
| 18:30 | Encolar | Villager (Male) |
| 18:39 | Encolar | Spearman |
| 18:41 | Construir | Palisade Wall |
| 18:43 | Construir | House |
| 18:46 | Construir | House |
| 18:47 | Construir | House |
| 18:49 | Encolar | Villager (Male) |
| 18:53 | Construir | Market |
| 19:01 | Construir | Palisade Wall |
| 19:02 | Construir | House |
| 19:13 | Encolar | Spearman |
| 19:15 | Construir | Mining Camp |
| 19:26 | Construir | Palisade Wall |
| 19:28 | Construir | Palisade Wall |
| 19:32 | Encolar | Villager (Male) |
| 19:36 | Encolar | Spearman |
| 19:56 | Investigar | Castle Age |
| 19:56 | Investigar | Castle Age |
| 20:18 | Construir | Stable |
Build order — 盐堆大王
Primeras 150 de 227 acciones detectadas
| 0:00 | Encolar | Villager (Male) |
| 0:01 | Encolar | Villager (Male) |
| 0:02 | Construir | House |
| 0:03 | Construir | House |
| 0:06 | Encolar | Villager (Male) |
| 0:09 | Encolar | Villager (Male) |
| 1:35 | Encolar | Villager (Male) |
| 2:10 | Encolar | Villager (Male) |
| 2:11 | Encolar | Villager (Male) |
| 2:22 | Construir | Lumber Camp |
| 2:38 | Encolar | Villager (Male) |
| 3:24 | Encolar | Villager (Male) |
| 3:28 | Encolar | Villager (Male) |
| 3:31 | Encolar | Villager (Male) |
| 4:01 | Construir | House |
| 4:14 | Encolar | Villager (Male) |
| 4:25 | Construir | House |
| 4:34 | Encolar | Villager (Male) |
| 4:57 | Encolar | Villager (Male) |
| 5:09 | Construir | Mill |
| 5:25 | Construir | Palisade Wall |
| 5:26 | Construir | Palisade Wall |
| 5:33 | Encolar | Villager (Male) |
| 5:50 | Encolar | Villager (Male) |
| 6:19 | Investigar | Loom |
| 6:51 | Investigar | Feudal Age |
| 6:56 | Construir | Palisade Wall |
| 6:59 | Construir | Palisade Wall |
| 7:01 | Construir | Palisade Wall |
| 7:02 | Construir | Palisade Wall |
| 7:05 | Construir | Palisade Wall |
| 8:03 | Construir | Palisade Gate |
| 8:16 | Construir | Palisade Gate |
| 8:17 | Construir | Palisade Wall |
| 8:34 | Encolar | Villager (Male) |
| 9:01 | Edad | Edad Feudal |
| 9:01 | Construir | Barracks |
| 9:06 | Encolar | Villager (Male) |
| 9:12 | Encolar | Villager (Male) |
| 9:18 | Encolar | Villager (Male) |
| 10:03 | Construir | Archery Range |
| 10:05 | Encolar | Villager (Male) |
| 10:08 | Construir | House |
| 10:28 | Encolar | Skirmisher |
| 10:30 | Encolar | Villager (Male) |
| 10:43 | Encolar | Villager (Male) |
| 10:48 | Encolar | Skirmisher |
| 11:00 | Encolar | Skirmisher |
| 11:02 | Encolar | Villager (Male) |
| 11:05 | Investigar | Double-Bit Axe |
| 11:10 | Construir | Farm |
| 11:17 | Encolar | Skirmisher |
| 11:29 | Encolar | Skirmisher |
| 11:34 | Encolar | Villager (Male) |
| 11:41 | Construir | House |
| 11:42 | Construir | House |
| 11:47 | Encolar | Villager (Male) |
| 12:05 | Encolar | Villager (Male) |
| 12:15 | Encolar | Skirmisher |
| 12:26 | Construir | Farm |
| 12:54 | Encolar | Villager (Male) |
| 12:57 | Construir | Stable |
| 13:08 | Encolar | Villager (Male) |
| 13:10 | Construir | Farm |
| 13:20 | Encolar | Villager (Male) |
| 13:30 | Construir | House |
| 13:31 | Encolar | Villager (Male) |
| 13:33 | Construir | Farm |
| 13:42 | Encolar | Scout Cavalry |
| 13:49 | Construir | Farm |
| 14:01 | Construir | Palisade Wall |
| 14:09 | Construir | Palisade Wall |
| 14:10 | Construir | Palisade Gate |
| 14:13 | Encolar | Villager (Male) |
| 14:16 | Construir | Farm |
| 14:18 | Construir | Farm |
| 14:27 | Encolar | Villager (Male) |
| 14:35 | Construir | Lumber Camp |
| 14:51 | Encolar | Villager (Male) |
| 15:05 | Encolar | Villager (Male) |
| 15:09 | Construir | Palisade Wall |
| 15:15 | Encolar | Scout Cavalry |
| 15:23 | Encolar | Villager (Male) |
| 15:25 | Construir | Farm |
| 15:26 | Construir | Farm |
| 15:46 | Encolar | Villager (Male) |
| 15:53 | Construir | Palisade Wall |
| 15:54 | Encolar | Villager (Male) |
| 15:58 | Construir | House |
| 16:00 | Construir | Farm |
| 16:05 | Construir | Farm |
| 16:06 | Construir | Farm |
| 16:15 | Encolar | Scout Cavalry |
| 16:19 | Construir | Farm |
| 16:21 | Construir | Farm |
| 16:26 | Construir | House |
| 16:55 | Encolar | Scout Cavalry |
| 16:56 | Encolar | Villager (Male) |
| 16:58 | Construir | Farm |
| 16:59 | Construir | House |
| 17:03 | Construir | Palisade Wall |
| 17:05 | Construir | Farm |
| 17:06 | Investigar | Horse Collar |
| 17:17 | Encolar | Villager (Male) |
| 17:19 | Construir | Farm |
| 17:20 | Construir | Farm |
| 17:49 | Encolar | Villager (Male) |
| 17:52 | Encolar | Scout Cavalry |
| 17:57 | Construir | Farm |
| 17:58 | Encolar | Villager (Male) |
| 18:00 | Construir | Farm |
| 18:00 | Construir | Farm |
| 18:00 | Construir | Farm |
| 18:11 | Encolar | Scout Cavalry |
| 18:11 | Encolar | Villager (Male) |
| 18:14 | Construir | Blacksmith |
| 18:24 | Encolar | Scout Cavalry |
| 18:33 | Encolar | Villager (Male) |
| 18:53 | Encolar | Scout Cavalry |
| 18:59 | Investigar | Scale Barding Armor |
| 19:00 | Construir | Stable |
| 19:20 | Encolar | Scout Cavalry |
| 19:24 | Encolar | Scout Cavalry |
| 19:40 | Construir | Farm |
| 19:40 | Construir | Farm |
| 19:40 | Construir | Farm |
| 19:40 | Construir | Farm |
| 19:44 | Encolar | Villager (Male) |
| 19:59 | Encolar | Scout Cavalry |
| 19:59 | Encolar | Scout Cavalry |
| 20:04 | Investigar | Forging |
| 20:26 | Encolar | Villager (Male) |
| 20:51 | Encolar | Scout Cavalry |
| 21:19 | Encolar | Villager (Male) |
| 21:20 | Construir | Farm |
| 21:20 | Construir | Farm |
| 21:21 | Construir | Farm |
| 21:21 | Construir | Farm |
| 21:21 | Construir | Farm |
| 21:22 | Encolar | Villager (Male) |
| 21:31 | Construir | Palisade Wall |
| 21:41 | Encolar | Villager (Male) |
| 21:46 | Encolar | Villager (Male) |
| 22:05 | Construir | Mining Camp |
| 23:04 | Investigar | Castle Age |
| 23:04 | Investigar | Castle Age |
| 23:29 | Encolar | Scout Cavalry |
| 23:29 | Encolar | Scout Cavalry |
| 23:37 | Construir | Stable |
| 23:41 | Investigar | Bloodlines |
Cronología de la partida
| 4:20 | HR FabiaN · first_building Barracks |
| 5:25 | 盐堆大王 · wall_segment Palisade Wall x5 |
| 5:26 | 盐堆大王 · wall_segment Palisade Wall x1 |
| 5:39 | HR FabiaN · wall_segment Palisade Wall x1 |
| 6:56 | 盐堆大王 · wall_segment Palisade Wall x1 |
| 6:59 | 盐堆大王 · wall_segment Palisade Wall x1 |
| 7:01 | 盐堆大王 · wall_segment Palisade Wall x1 |
| 7:02 | 盐堆大王 · wall_segment Palisade Wall x1 |
| 7:05 | 盐堆大王 · wall_segment Palisade Wall x1 |
| 8:17 | 盐堆大王 · wall_segment Palisade Wall x1 |
| 9:01 | 盐堆大王 · age_up feudal |
| 9:01 | 盐堆大王 · first_building Barracks |
| 9:52 | HR FabiaN · wall_segment Palisade Wall x1 |
| 10:03 | 盐堆大王 · first_building Archery Range |
| 10:05 | HR FabiaN · wall_segment Palisade Wall x1 |
| 10:07 | HR FabiaN · wall_segment Palisade Wall x1 |
| 10:21 | HR FabiaN · wall_segment Palisade Wall x1 |
| 10:28 | HR FabiaN · wall_segment Palisade Wall x1 |
| 10:29 | HR FabiaN · wall_segment Palisade Wall x1 |
| 10:31 | HR FabiaN · wall_segment Palisade Wall x1 |
| 10:34 | HR FabiaN · wall_segment Palisade Wall x1 |
| 10:35 | HR FabiaN · wall_segment Palisade Wall x1 |
| 10:36 | HR FabiaN · age_up feudal |
| 10:36 | HR FabiaN · wall_segment Palisade Wall x1 |
| 10:47 | HR FabiaN · first_building Archery Range |
| 10:55 | HR FabiaN · wall_segment Palisade Wall x1 |
| 10:56 | HR FabiaN · wall_segment Palisade Wall x1 |
| 11:50 | HR FabiaN · wall_segment Palisade Wall x1 |
| 11:51 | HR FabiaN · wall_segment Palisade Wall x1 |
| 12:57 | 盐堆大王 · first_building Stable |
| 13:29 | HR FabiaN · wall_segment Palisade Wall x1 |
| 13:31 | HR FabiaN · wall_segment Palisade Wall x1 |
| 13:43 | HR FabiaN · wall_segment Palisade Wall x7 |
| 14:01 | 盐堆大王 · wall_segment Palisade Wall x16 |
| 14:09 | 盐堆大王 · wall_segment Palisade Wall x4 |
| 14:23 | HR FabiaN · wall_segment Palisade Wall x7 |
| 15:09 | 盐堆大王 · wall_segment Palisade Wall x10 |
| 15:53 | 盐堆大王 · wall_segment Palisade Wall x13 |
| 17:03 | 盐堆大王 · wall_segment Palisade Wall x5 |
| 18:22 | HR FabiaN · wall_segment Palisade Wall x1 |
| 18:24 | HR FabiaN · wall_segment Palisade Wall x1 |
| 18:25 | HR FabiaN · wall_segment Palisade Wall x1 |
| 18:27 | HR FabiaN · wall_segment Palisade Wall x1 |
| 18:41 | HR FabiaN · wall_segment Palisade Wall x1 |
| 19:01 | HR FabiaN · wall_segment Palisade Wall x1 |
| 19:26 | HR FabiaN · wall_segment Palisade Wall x1 |
| 19:28 | HR FabiaN · wall_segment Palisade Wall x1 |
| 19:41 | HR FabiaN · first_market_sell 100 wood |
| 19:52 | HR FabiaN · first_market_buy 100 wood |
| 20:18 | HR FabiaN · first_building Stable |
| 21:31 | 盐堆大王 · wall_segment Palisade Wall x1 |
| 21:57 | HR FabiaN · wall_segment Palisade Wall x1 |
| 22:01 | HR FabiaN · wall_segment Palisade Wall x1 |
| 22:36 | HR FabiaN · age_up castle |
| 23:20 | HR FabiaN · wall_segment Palisade Wall x1 |
| 24:35 | HR FabiaN · first_building Monastery |
| 25:44 | 盐堆大王 · age_up castle |
| 26:14 | 盐堆大王 · first_building Monastery |
| 26:34 | HR FabiaN · wall_segment Palisade Wall x1 |
| 29:12 | HR FabiaN · first_building Castle |
| 31:58 | HR FabiaN · resign |
[ ANÁLISIS IA · 1 CRÉDITO ]
¿Qué pasó realmente en esta partida?
Wolo.gg analiza cada decisión: build order, eco, micro, errores típicos por bracket. Análisis personalizado por WhatsApp o Discord en 30 segundos.
Guía civ
Japoneses
Perfil
Jugador #211236